 Dungeon Crawl Stone Soup version 0.31-a0-986-g5e6e4ef867 (webtiles) character file.

Game seed: 13307938084408674204

382 LeprechaunX the Changeling (level 6, -1/63 HPs)
             Began as an Octopode Shapeshifter on Nov 22, 2023.
             Slain by a hornet (11 damage)
             ... on level 5 of the Dungeon.
             The game lasted 00:02:46 (2802 turns).

LeprechaunX the Changeling (Octopode Shapeshifter)  Turns: 2802, Time: 00:02:48

Health: -1/63      AC: 23    Str: 14    XL:     6   Next: 76%
Magic:  6/6        EV:  2    Int: 18    God:
Gold:   193        SH:  0    Dex: 13    Spells: 5/5 levels left

rFire   . .          .
                       - Unarmed
rCold   . . .        (no shield)
rNeg    . . .        (helmet currently unavailable)
rPois   +            (no amulet)
rElec   .            j - ring of poison resistance
rCorr   .            d - +6 ring of intelligence
SInv    .            (no ring)
Will    .....        (no ring)
Stlth   +            (no ring)
HPRegen 0.30/turn    (no ring)
MPRegen 0.10/turn    (no ring)
                     (no ring)

%: no passive effects
@: lethally poisoned (-1 -> -4), tree-form
A: stationary, stasis, torment immunity, boosted hp, almost no armour,
(amphibious), 8 rings, (camouflage 1), (gelatinous body 1), (nimble swimmer 1),
(tentacles)
a: no special abilities


You were on level 5 of the Dungeon.
You were a tree.
You visited 1 branch of the dungeon, and saw 5 of its levels.

You collected 193 gold pieces.

Inventory:

Missiles
 y - 3 boomerangs
Jewellery
 d - a +6 ring of intelligence (right branch)
 j - a ring of poison resistance (left branch)
 x - an amulet of magic regeneration
Talismans
 b - a beast talisman
 c - a flux talisman
Wands
 q - a wand of digging (4)
 s - a wand of polymorph (4)
 v - a wand of iceblast (9)
Scrolls
 e - 2 scrolls of fear {unknown}
 f - 5 scrolls of identify {unknown}
 k - a scroll of poison {unknown}
 m - a scroll of immolation {unknown}
 o - 2 scrolls of amnesia {unknown}
 p - 5 scrolls of teleportation {unknown}
 r - 3 scrolls of revelation {unknown}
 t - a scroll of enchant armour {unknown}
 u - a scroll of blinking {unknown}
 w - a scroll of enchant weapon {unknown}
Potions
 g - 9 potions of curing {unknown}
 h - 2 potions of might {unknown}
 i - 5 potions of degeneration {unknown}
 l - a potion of heal wounds {unknown}
 n - a potion of ambrosia {unknown}
 z - a potion of brilliance {unknown}


   Skills:
 + Level 3.1 Fighting
 + Level 0.0 Throwing
 - Level 2.0 Dodging
 + Level 4.2 Unarmed Combat
 + Level 2.3 Evocations
 * Level 5.0 Shapeshifting


You had 5 spell levels left.
You didn't know any spells.
Your spell library contained the following spells:

 Spells                   Type           Power      Damage    Failure   Level
 Shock                    Conj/Air       0%         1d3       22%         1
 Ensorcelled Hibernation  Hex/Ice        0%         N/A       32%         2
 Jinxbite                 Hex            0%         N/A       32%         2
 Swiftness                Air            0%         N/A       54%         3
 Airstrike                Air            0%         2d(0-16)  91%         4
 Anguish                  Hex/Necr       0%         N/A       91%         4


Dungeon Overview and Level Annotations

Branches:
Dungeon (5/15)
 Temple: D:4-7

Altars:
Cheibriados
Zin

Annotations:
D:3 1 runed translucent door, Crazy Yiuf


Innate Abilities, Weirdness & Mutations

You are a tree.
Your roots penetrate the ground, keeping you stationary.
You cannot be teleported.
You are immune to unholy pain and torment.
Your maximum health is greatly increased.
You cannot wear most types of armour.
((You are amphibious.))
You can wear up to eight rings at the same time.
((Your skin changes colour to match your surroundings (Stealth+).))
((Your rubbery body absorbs attacks. (AC +1, EV +1)))
((You are camouflaged when in or above water. (Stealth+)))
((You have tentacles for arms and can constrict up to eight enemies at once.))


Message History

A scorpion is nearby!
A scorpion is nearby!
A hornet comes into view.
A scorpion comes into view.
You tentacle-slap the hornet but do no damage.
You grab the hornet.
You constrict the hornet, but do no damage.
The hornet barely misses you. The scorpion stings you. The hornet stings you!
Unknown command.
Your transformation has ended.
You turn into a tree.
Your roots penetrate the ground.
You lose your grip on the hornet.
The scorpion stings you but does no damage.
The hornet stings you.
You are poisoned.
The scorpion stings you but does no damage.
You smack the hornet!
The hornet is moderately wounded.
You feel sick. The hornet stings you!
* * * LOW HITPOINT WARNING * * *
The scorpion stings you but does no damage.
The hornet stings you but does no damage.
You closely miss the hornet.
The hornet is moderately wounded.
You feel sick.
The hornet stings you but does no damage.
The scorpion completely misses you.
You hit the hornet.
The hornet is moderately wounded.
You feel sick.
The hornet stings you but does no damage.
The scorpion stings you but does no damage.
You hit the hornet.
The hornet is heavily wounded.
The hornet barely misses you.
The scorpion stings you but does no damage.
The scorpion stings you.
* * * LOW HITPOINT WARNING * * *
The hornet stings you!
You die...

#............
#...##...#...
##..#....###.
#?..#.....##.
###............
##....#.#.......
#####..##.####......
#.#.#.s#....##.#
......
......y♣......... .
# ....##.s.......#..
# # ...........#...
#..............#. #.
###....#......##..
#. .....#.......
#... .##..###..####
###. .. .... .## ##
#.


You could see a hornet and 2 scorpions.

Vanquished Creatures
  Sigmund (D:3)
  A howler monkey (D:4)
  Jessica (D:2)
  An iguana (D:4)
  4 adders
  2 ufetubi (D:5)
  4 worms
  A dart slug (D:3)
  4 orcs (D:4)
  8 endoplasms
  A giant cockroach (D:1)
  7 hobgoblins
  2 jackals (D:4)
  2 quokkas
  8 ball pythons
  3 bats (D:1)
  3 frilled lizards (D:1)
  6 goblins
  3 kobolds
  3 rats
65 creatures vanquished.

Notes
Turn   | Place    | Note
-------+----------+-------------------------------------------
     0 | D:1      | LeprechaunX the Octopode Shapeshifter began the quest for
                  | the Orb.
     0 | D:1      | Reached XP level 1. HP: 13/13 MP: 1/1
   134 | D:1      | Reached XP level 2. HP: 6/18 MP: 2/2
   692 | D:2      | Reached XP level 3. HP: 23/23 MP: 3/3
  1008 | D:2      | Noticed Jessica
  1016 | D:2      | Killed Jessica
  1017 | D:2      | Reached XP level 4. HP: 8/29 MP: 4/4
  1376 | D:3      | Found a runed translucent door.
  1377 | D:3      | Noticed Crazy Yiuf
  1575 | D:3      | Reached skill level 4 in Shapeshifting
  1583 | D:3      | Noticed Sigmund
  1590 | D:3      | Killed Sigmund
  1591 | D:3      | Reached skill level 1 in Evocations
  1591 | D:3      | Reached XP level 5. HP: 25/36 MP: 5/5
  1591 | D:3      | Reached XP level 6. HP: 28/41 MP: 6/6
  1677 | D:3      | Found a snail-covered altar of Cheibriados.
  2322 | D:4      | Found a glowing silver altar of Zin.
  2490 | D:4      | Reached skill level 5 in Shapeshifting
  2722 | D:5      | Entered Level 5 of the Dungeon
  2794 | D:5      | Noticed a hornet
  2802 | D:5      | Slain by a hornet

Illustrated notes

Levels and vault maps discovered:
D:1:      evilmike_arrival_crescent, layout_rooms, minmay_misc_feat_nine_boxes
D:2:      layout_loops_ring, uniq_jessica
D:3:      layout_loops_ring, lemuel_round_altar, serial_bayou_lagoon_a,
          hex_tiny, uniq_sigmund, uniq_crazy_yiuf_cottage
D:4:      layout_rooms, overflow_temple_1_default, minmay_misc_feat_doors
D:5:      layout_cave_pools

Skill      XL: |  1  2  3  4  5  6 |
---------------+-------------------+-----
Fighting       | 2 3 |  3.1
Shapeshifting  | 4 5 |  5.0
Unarmed Combat | 4 |  4.2
Evocations     | 1 2 |  2.3
Dodging        | |  2.0

Action                     |  1- 3 |  4- 6 || total
---------------------------+-------+-------++-------
  Melee: Unarmed           |    54 |    79 ||   133
         Constrict         |    10 |    23 ||    33
         Punch             |     3 |     3 ||     6
         Tentacles         |     7 |    11 ||    18
    Use: Potion            |       |     1 ||     1
   Stab: Sleeping          |     7 |     7 ||    14
         Distracted        |       |     1 ||     1
 Armour: Skin              |    18 |    43 ||    61
  Dodge: Dodged            |    26 |    36 ||    62

Table legend: (Time is in decaauts)
 A = Elapsed time spent in this place.
 B = Non-inter-level travel time spent in this place.
 C = Inter-level travel time spent in this place.
 D = Time resting spent in this place.
 E = Time spent auto-exploring this place.
 F = Levels seen in this place.
 G = Mean time per level.
                   A        B        C        D        E       F      G
               +--------+--------+--------+--------+--------+-----+--------+
         Total |   2790 |   2664 |    126 |    139 |   2111 |   5 |  558.0 |
       Dungeon |   2790 |   2664 |    126 |    139 |   2111 |   5 |  558.0 |
               +--------+--------+--------+--------+--------+-----+--------+

Top non-repeatable levels by time:
     D:3: 731 daAuts
     D:4: 690 daAuts
     D:1: 658 daAuts
     D:2: 631 daAuts
     D:5: 79 daAuts
